 Dungeon Crawl Stone Soup version 0.29.1-15-g9cfb28693d (webtiles) character file.

Game seed: 16870485297602415339

309 croobank the Firebug (level 5, -1/41 HPs)
             Began as a Demigod Fire Elementalist on Apr 27, 2023.
             Slain by a gnoll
             ... wielding a +0 flail
             ... led by a gnoll bouda
              (9 damage)
             ... on level 4 of the Dungeon.
             The game lasted 00:11:57 (4878 turns).

croobank the Firebug (Demigod Fire Elementalist)    Turns: 4878, Time: 00:11:57

Health: -1/41      AC:  4    Str:  9    XL:     5   Next: 95%
Magic:  1/11       EV: 12    Int: 21    God:
Gold:   200        SH:  0    Dex: 14    Spells: 3/9 levels left

rFire   . . .      SeeInvis .   v - +0 rapier
rCold   . . .      Faith    .   (no shield)
rNeg    . . .      Spirit   .   h - +0 robe
rPois   .          Reflect  .   (no helmet)
rElec   .          Harm     .   n - +1 cloak
rCorr   .          Rampage  .   (no gloves)
Will    .....                   (no boots)
Stlth   ++........              (no amulet)
HPRegen 0.13/turn               (no ring)
MPRegen 0.12/turn               (no ring)

@: no status effects
A: high MP 1, forlorn, divine attributes
a: no special abilities


You were on level 4 of the Dungeon.
You visited 1 branch of the dungeon, and saw 4 of its levels.

You collected 200 gold pieces.

Inventory:

Hand Weapons
 a - a +0 short sword
 b - a +1 sling of flaming
 k - a +0 morningstar
 q - a +0 falchion
 v - a +0 rapier (weapon)
 x - a +1 hand axe of draining
Missiles
 w - a boomerang of dispersal
Armour
 h - a +0 robe (worn)
 i - a +0 ring mail
 n - a +1 cloak (worn)
 y - an orb of energy
Magical Staves
 t - a staff of earth
Wands
 f - a wand of flame (20)
Scrolls
 d - 2 scrolls of brand weapon
 g - a scroll of fog
 m - 3 scrolls of teleportation
 r - 2 scrolls of amnesia
Potions
 c - 2 potions of heal wounds
 e - 3 potions of curing
 s - a potion of might {unknown}


   Skills:
 + Level 1.8 Fighting
 + Level 2.8 Dodging
 + Level 3.0 Stealth
 + Level 2.6 Spellcasting
 + Level 2.2 Conjurations
 + Level 0.7 Hexes
 + Level 3.5 Fire Magic


You had 3 spell levels left.
You knew the following spells:

 Your Spells              Type           Power      Damage    Failure   Level
a - Foxfire               Conj/Fire      60%        2x1d7     4%          1
b - Scorch                Fire           34%        2d7       4%          2
c - Inner Flame           Hex/Fire       11%        N/A       17%         3

Your spell library contained the following spells:

 Spells                   Type           Power      Damage    Failure   Level
 Conjure Flame            Conj/Fire      15%        6-21      13%         3
 Dazzling Flash           Conj/Hex       18%        N/A       22%         3
 Ozocubu's Armour         Ice            2%         N/A       38%         3
 Flame Wave               Conj/Fire      15%        2d7       38%         4
 Silence                  Hex/Air        2%         N/A       97%         5
 Agony                    Necr           2%         N/A       98%         5
 Ozocubu's Refrigeration  Ice            1%         4d7       100%        7


Dungeon Overview and Level Annotations

Branches:
Dungeon (4/15)
 Temple: D:4-7

Shops:
D:1 :


Innate Abilities, Weirdness & Mutations

You have an increased reservoir of magic. (+10% MP)
You shall have no god before yourself.
Your divine heritage dramatically boosts your attributes as you level up.


Message History

The gnoll closely misses you. The gnoll misses you.
The gnoll bouda calls upon its god to heal the gnoll.
The gnoll is healed somewhat.
Okay, then.
As you read the scroll of summoning, it crumbles to dust.
Wisps of shadow whirl around you... The gnoll misses you.
The gnoll hits you from afar with a +0 spear.
* * * LOW HITPOINT WARNING * * *
The gnoll bouda barks out a call to the hunt!
The gnolls pick up the pace!
You feel much better.
The gnoll is no longer more vulnerable to fire.
The gnoll barely misses you. The gnoll closely misses you.
The gnoll bouda barely misses you.
Your ball python bites the gnoll bouda.
Your ball python grabs the gnoll bouda.
Your ball python constricts the gnoll bouda.
Your goblin hits the gnoll bouda with a +0 dagger.
Okay, then.
You hit the gnoll bouda.
The gnoll bouda is severely wounded.
The gnoll hits you with a +0 flail!
Your ball python bites the gnoll bouda but does no damage.
Your ball python constricts the gnoll bouda.
The gnoll misses you.
The gnoll bouda hits your ball python with a +0 club!
Your ball python dies!
Your ball python's corpse dissolves into shadows!
Your goblin barely misses the gnoll bouda.
The gnoll barely misses you.
The gnoll bouda shouts!
You hit the gnoll bouda but do no damage.
The gnoll bouda is severely wounded.
Your attacks no longer feel as feeble.
The gnoll hits you from afar with a +0 spear!
* * * LOW HITPOINT WARNING * * *
The gnoll bouda hits you with a +0 club.
* * * LOW HITPOINT WARNING * * *
Your goblin hits the gnoll bouda but does no damage.
The gnoll hits you with a +0 flail!
You die...

# #....####.#
#.....## # #....#
#.########## # #
...# ..#.........
#.....# ...
#.######## #.....#
.. #.........
#.....#########.
#..######
#.......... ...#
#..<..#
#.....##..####.###
##..#.#
#.....##......gg@#
....# #
#.....##.PPPPPPPg#
#.#.†.#
......#........g.#
# ##.##
.........P.PPP.P.#
...
.#.###.#.P.....P.#
...
.#.....#.P.._..P.#
....
.#.##..#.P.....P.#
.####..#.P.PPP.P..
... ............


You could see a gnoll bouda (ally target), 2 gnolls and a friendly goblin
(summoned).

Vanquished Creatures
  A howler monkey (D:4)
  A hound (D:4)
  An orc priest (D:2)
  2 orc wizards (D:3)
  4 gnolls (D:4)
  3 adders
  A worm (D:3)
  A dart slug (D:4)
  5 orcs
  14 ball pythons
  7 bats
  7 endoplasms
  3 giant cockroaches
  4 goblins (D:2)
  11 hobgoblins
  4 quokkas
  5 frilled lizards
  9 kobolds
  6 rats (D:1)
89 creatures vanquished.

Vanquished Creatures (collateral kills)
  4 foxfires (D:4)
4 creatures vanquished.

Vanquished Creatures (others)
  112 foxfires
112 creatures vanquished.

Grand Total: 205 creatures vanquished

Notes
Turn   | Place    | Note
-------+----------+-------------------------------------------
     0 | D:1      | croobank the Demigod Fire Elementalist began the quest for
                  | the Orb.
     0 | D:1      | Reached XP level 1. HP: 14/14 MP: 5/5
   172 | D:1      | Reached skill level 1 in Conjurations
   276 | D:1      | Found Leresmam's Vocational Training.
   433 | D:1      | Reached XP level 2. HP: 20/20 MP: 7/7
   495 | D:1      | Learned a level 2 spell: Scorch
  1556 | D:2      | Reached XP level 3. HP: 27/27 MP: 3/8
  2422 | D:3      | Reached skill level 1 in Fighting
  2422 | D:3      | Reached XP level 4. HP: 32/35 MP: 0/10
  3402 | D:3      | Reached XP level 5. HP: 40/40 MP: 0/11
  3884 | D:3      | Learned a level 3 spell: Inner Flame
  4878 | D:4      | Slain by a gnoll

Illustrated notes

Levels and vault maps discovered:
D:1:      roderic_octagonal_star, layout_loops_ring,
          dreamdust_ecumenical_altar_statues, nicolae_shop_vocational
D:2:      layout_loops_ring, minmay_pentomino_s2
D:3:      layout_loops_ring
D:4:      layout_basic, mainiacjoe_overflow_cross_hatched

Skill      XL: |  1  2  3  4  5 |
---------------+----------------+-----
Conjurations   | 1 2 |  2.2
Stealth        | 2 3 |  3.0
Dodging        | 2 |  2.8
Spellcasting   | 2 |  2.6
Fire Magic     | 3 |  3.5
Fighting       | 1 |  1.8
Hexes          | |  0.7

Action                   |  1- 3 |  4- 6 || total
-------------------------+-------+-------++-------
Melee: Unarmed           |     4 |       ||     4
       Short sword       |    20 |       ||    20
       Rapier            |       |    21 ||    21
 Fire: Sling             |    30 |     1 ||    31
 Cast: Foxfire           |    37 |    35 ||    72
       Scorch            |    22 |    37 ||    59
  Use: Potion            |       |     2 ||     2
       Scroll            |       |    13 ||    13
 Stab: Sleeping          |       |     1 ||     1
Armor: Robe              |    10 |     6 ||    16
Dodge: Dodged            |    36 |    31 ||    67
